 Dungeon Crawl Stone Soup version 0.31-a0-354-g827e0957a7 (webtiles) character file.

Game seed: 11303040658262866170

105 Locuples the Magician (level 4, -2/24 HPs)
             Began as a Deep Elf Air Elementalist on July 24, 2023.
             Slain by a gnoll
             ... wielding a +0 flail
              (5 damage)
             ... on level 3 of the Dungeon.
             The game lasted 00:06:02 (2277 turns).

Locuples the Magician (Deep Elf Air Elementalist)   Turns: 2277, Time: 00:06:03

Health: -2/24      AC:  3    Str:  5    XL:     4   Next: 54%
Magic:  4/12       EV: 12    Int: 22    God:
Gold:   157        SH:  0    Dex: 15    Spells: 11/12 levels left

rFire   . . .        (no weapon)
rCold   . . .        (no shield)
rNeg    . . .        a - +0 robe
rPois   .            (no helmet)
rElec   .            (no cloak)
rCorr   .            (no gloves)
SInv    .            f - +0 pair of boots
Will    .....        (no amulet)
Stlth   ++           (no ring)
HPRegen 0.24/turn    (no ring)
MPRegen 0.13/turn

%: no passive effects
@: no status effects
A: no striking features
a: no special abilities


You were on level 3 of the Dungeon.
You visited 1 branch of the dungeon, and saw 3 of its levels.

You collected 157 gold pieces.

Inventory:

Armour
 a - a +0 robe (worn)
 f - a +0 pair of boots (worn)
Jewellery
 d - a ring of fire
Scrolls
 c - 2 scrolls of teleportation {unknown}
 e - 3 scrolls of identify {unknown}
 g - a scroll of blinking {unknown}
 k - 2 scrolls of poison {unknown}
 p - 2 scrolls of immolation {unknown}
Potions
 b - a potion of magic
 h - a potion of resistance {unknown}
 i - a potion of mutation {unknown}
 j - 2 potions of enlightenment {unknown}
 l - a potion of haste {unknown}
 m - a potion of curing {unknown}
 n - a potion of ambrosia {unknown}
 o - a potion of heal wounds {unknown}


   Skills:
 - Level 2.4 Dodging
 - Level 2.4 Stealth
 + Level 4.5 Spellcasting
 + Level 2.5 Conjurations
 + Level 4.1 Air Magic


You had 11 spell levels left.
You knew the following spells:

 Your Spells              Type           Power      Damage    Failure   Level
a - Shock                 Conj/Air       76%        1d7       2%          1

Your spell library contained the following spells:

 Spells                   Type           Power      Damage    Failure   Level
 Static Discharge         Conj/Air       38%        2-4/arc   4%          2
 Swiftness                Air            23%        N/A       6%          3
 Dazzling Flash           Conj/Hex       20%        N/A       19%         3
 Airstrike                Air            11%        2d(2-18)  19%         4
 Volatile Blastmotes      Fire/Tloc      8%         2d10      32%         3
 Starburst                Conj/Fire      5%         6d4       100%        6
 Maxwell's Capacitive Co  Air            11%        ∞         100%        8


Dungeon Overview and Level Annotations

Branches:
Dungeon (3/15)

Altars:
Kikubaaqudgha

Shops:
D:1 [


Message History

The zap hits the gnoll.
The gnoll is severely wounded.
The zap hits the gnoll.
The gnoll is almost dead.
The zap hits you. The gnoll barely misses you.
Aiming: Shock (safe; 2% risk of failure)
Press: ? - help, Q - select action Shift-Dir - straight line, f/p - gnoll
Aim: a gnoll, wielding a +0 spear (almost dead, 75% to hit)
That beam is likely to hit you.
Continue anyway? [Y]es or [N]o only, please.
That beam is likely to hit you.
Continue anyway? [Y]es or [N]o only, please.
That beam is likely to hit you.
Continue anyway?
The zap hits the gnoll.
You kill the gnoll!
The zap hits you. The gnoll attacks as you move away!
The gnoll hits you with a +0 flail. The gnoll attacks as you move away!
The gnoll hits you with a +0 flail!
* * * LOW HITPOINT WARNING * * *
The gnoll attacks as you move away! The gnoll hits you with a +0 flail.
* * * LOW HITPOINT WARNING * * *
The gnoll attacks as you move away! The gnoll closely misses you.
Aiming: Shock (safe; 2% risk of failure)
Press: ? - help, Q - select action Shift-Dir - straight line, f - gnoll
Aim: a gnoll, wielding a +0 flail (heavily wounded, 75% to hit)
The zap hits the gnoll.
The gnoll is almost dead.
The zap hits the gnoll.
The gnoll is almost dead.
The gnoll barely misses you.
Aiming: Shock (safe; 2% risk of failure)
Press: ? - help, Q - select action Shift-Dir - straight line, f/p - gnoll
Aim: a gnoll, wielding a +0 flail (almost dead, 75% to hit)
The zap hits the gnoll but does no damage.
The gnoll is almost dead.
The zap hits the gnoll but does no damage.
The gnoll is almost dead.
The gnoll hits you with a +0 flail.
You die...

...<....
####.....
.....###........
#...##..##.....
#.#.#..########
#.....##
#..#...## #
####..##...# #
#....###...## #
#@##.# ##...## #
#g##.#
#....#####
######g##.#
##.......#
#.......#.#
##.####.#
#.......#.# #.#
#..
##.#.......#..
#.. ###
...####.#####.
... .. #...##.##
.###.... #...).#
.. #..##


You could see 2 gnolls.

Vanquished Creatures
  Natasha (D:3)
  A gnoll (D:3)
  2 adders (D:2)
  2 dart slugs
  2 endoplasms
  3 giant cockroaches
  2 goblins
  3 hobgoblins
  9 jackals
  A quokka (D:1)
  6 ball pythons
  4 bats
  2 frilled lizards
  3 kobolds
  5 rats
46 creatures vanquished.

Notes
Turn   | Place    | Note
-------+----------+-------------------------------------------
     0 | D:1      | Locuples the Deep Elf Air Elementalist began the quest for
                  | the Orb.
     0 | D:1      | Reached XP level 1. HP: 10/10 MP: 6/6
   258 | D:1      | Reached XP level 2. HP: 15/15 MP: 2/8
   711 | D:1      | Found Ofod's Armour Emporium.
  1014 | D:1      | Reached XP level 3. HP: 19/19 MP: 6/10
  2009 | D:3      | Reached XP level 4. HP: 24/24 MP: 9/12
  2031 | D:3      | Found an ancient bone altar of Kikubaaqudgha.
  2107 | D:3      | Noticed Natasha
  2116 | D:3      | Killed Natasha
  2277 | D:3      | Slain by a gnoll

Illustrated notes

Levels and vault maps discovered:
D:1:      lightli_arrival_isolated_outpost, layout_loops_ring, serial_shops,
          shop
D:2:      layout_loops_ring, minmay_liquid_box
D:3:      layout_rooms, mainiacjoe_overflow_brackets,
          gammafunk_ghost_nasty_kobolds, minmay_quadrilaterals, uniq_natasha

Skill      XL: |  1  2  3  4 |
---------------+-------------+-----
Spellcasting   | 4 |  4.5
Conjurations   | 2 |  2.5
Air Magic      | 4 |  4.1
Dodging        | |  2.4
Stealth        | |  2.4

Action                     |  1- 3 |  4- 6 || total
---------------------------+-------+-------++-------
  Melee: Unarmed           |     1 |       ||     1
   Cast: Shock             |    84 |    19 ||   103
 Armour: Robe              |     6 |     1 ||     7
  Dodge: Dodged            |    19 |     5 ||    24

Table legend: (Time is in decaauts)
 A = Elapsed time spent in this place.
 B = Non-inter-level travel time spent in this place.
 C = Inter-level travel time spent in this place.
 D = Time resting spent in this place.
 E = Time spent auto-exploring this place.
 F = Levels seen in this place.
 G = Mean time per level.
                   A        B        C        D        E       F      G
               +--------+--------+--------+--------+--------+-----+--------+
         Total |   2284 |   2230 |     54 |    157 |   1815 |   3 |  761.3 |
       Dungeon |   2284 |   2230 |     54 |    157 |   1815 |   3 |  761.3 |
               +--------+--------+--------+--------+--------+-----+--------+

Top non-repeatable levels by time:
     D:1: 1104 daAuts
     D:2: 892 daAuts
     D:3: 287 daAuts
